 Dungeon Crawl Stone Soup version 0.31.0-11-ge490571c62 (webtiles) character file.

Game seed: 14321113928474933964

100 qw the Shooter (level 4, -3/25 HPs)
             Began as a Deep Elf Hunter on Feb 4, 2024.
             Incinerated by a bombardier beetle (4 damage)
             ... with a burning spray
             ... on level 3 of the Dungeon.
             The game lasted 00:00:04 (1689 turns).

qw the Shooter (Deep Elf Hunter)                    Turns: 1689, Time: 00:00:05

Health: -3/25      AC:  6    Str: 10    XL:     4   Next: 46%
Magic:  6/6        EV: 11    Int: 14    God:
Gold:   52         SH:  0    Dex: 18    Spells: 3/3 levels left

rFire   . . .        a - +1 shortbow
rCold   . . .        (shield currently unavailable)
rNeg    . . .        j - +0 ring mail
rPois   .            (no helmet)
rElec   .            (no cloak)
rCorr   .            (no gloves)
SInv    .            h - +0 pair of boots
Will    .....        (no amulet)
Stlth   +            (no ring)
HPRegen 0.24/turn    (no ring)
MPRegen 0.10/turn

%: no passive effects
@: on fire, glowing
A: no striking features
a: no special abilities


You were on level 3 of the Dungeon.
You visited 1 branch of the dungeon, and saw 3 of its levels.

You collected 52 gold pieces.


   Skills:
 - Level 1.5 Fighting
 + Level 7.9 Ranged Weapons
 - Level 2.4 Dodging
 - Level 1.2 Stealth


You had 3 spell levels left.
You didn't know any spells.
Your spell library was empty.

Inventory:

Hand Weapons
 a - a +1 shortbow (weapon)
Armour
 h - a +0 pair of boots (worn)
 j - a +0 ring mail (worn)
Wands
 k - a wand of mindburst (9)
Potions
 d - a potion of curing
 e - a potion of resistance
 f - a potion of attraction {unknown}
 g - a potion of ambrosia {unknown}

Dungeon Overview and Level Annotations

Branches:
Dungeon (3/15)

Altars:
Yredelemnul


Message History

1675 ||| READING scroll labelled CIUNEQ ODERR.
As you read the scroll labelled CIUNEQ ODERR, it crumbles to dust.
You hear a loud clanging noise!
It was a scroll of noise.
The rat squeaks loudly.
You hear a shout!
A bombardier beetle comes into view.
You shoot an arrow.
The arrow closely misses the bombardier beetle.
You shoot an arrow. The arrow hits the bombardier beetle.
The bombardier beetle is lightly wounded.
You shoot an arrow. The arrow hits the bombardier beetle.
The bombardier beetle is lightly wounded.
You shoot an arrow. The arrow hits the bombardier beetle.
The bombardier beetle is heavily wounded.
You shoot an arrow. The arrow hits the rat.
You kill the rat!
You shoot an arrow. The arrow hits the bombardier beetle.
The bombardier beetle is severely wounded.
You shoot an arrow. The arrow hits the bombardier beetle.
The bombardier beetle is almost dead.
The bombardier beetle sprays incendiary fluid at you.
The burning spray hits you.
You are covered in liquid fire!
You shoot an arrow. The arrow hits the bombardier beetle.
You kill the bombardier beetle!
The liquid fire burns you!
You have reached level 4!
You feel clever.
You are on fire!
The liquid fire burns you!
You are on fire!
The liquid fire burns you!
You are on fire!
The liquid fire burns you!
You are on fire!
The liquid fire burns you!
You are on fire!
The liquid fire burns you!
You are on fire!
The liquid fire burns you!
You die...

#.####
.#...#..... #.#
.....#..... #.#
#.....##.######.#
................#
.!.%#.....##.###
#..#._...##.#
#..#....###.#
#@.####.....#
#.......#####
#.......#
######..# #..#
...# ....# #####


There were no monsters in sight!

Vanquished Creatures
  A bombardier beetle (D:3)
  An adder (D:2)
  A ribbon worm (D:2)
  5 dart slugs
  A bat (D:2)
  3 endoplasms
  9 goblins
  4 hobgoblins
  3 quokkas
  4 ball pythons
  3 frilled lizards
  4 kobolds
  4 rats
43 creatures vanquished.

Notes
Turn   | Place    | Note
-------+----------+-------------------------------------------
     0 | D:1      | qw the Deep Elf Hunter began the quest for the Orb.
     0 | D:1      | Reached XP level 1. HP: 12/12 MP: 3/3
     0 | D:1      | 0 ||| qw: Version: 0.3-a-160-g6735b56
     0 | D:1      | 0 ||| qw: Game counter: 5143
     0 | D:1      | 0 ||| qw: Melee chars always use a shield: true
     0 | D:1      | 0 ||| qw: God list: Okawaru
     0 | D:1      | 0 ||| qw: Allow faded altars: false
     0 | D:1      | 0 ||| qw: Do Orc after clearing Dungeon:15 true
     0 | D:1      | 0 ||| qw: Do second Lair branch before Depths: true
     0 | D:1      | 0 ||| qw: Lair rune preference: random
     0 | D:1      | 0 ||| qw: Goals: Normal
     0 | D:1      | 0 ||| PLANNING D:1-11
   230 | D:1      | Reached skill level 6 in Ranged Weapons
   230 | D:1      | Reached XP level 2. HP: 16/16 MP: 4/4
   771 | D:1      | 771 ||| READING scroll labelled SOB CAKLON.
   872 | D:1      | 872 ||| READING 2 scrolls labelled JENIADD WILA.
   873 | D:1      | 873 ||| READING scroll labelled QAVERO JOUWN.
   873 | D:1      | 873 ||| IDENTIFYING golden potion
   874 | D:1      | 874 ||| READING scroll labelled ITIREY RAFI.
   878 | D:1      | 878 ||| DROPPING scroll of butterflies.
   879 | D:1      | 879 ||| DROPPING potion of lignification.
   880 | D:1      | 880 ||| DROPPING scroll of fog.
   960 | D:2      | Reached XP level 3. HP: 20/20 MP: 5/5
  1123 | D:2      | Reached skill level 7 in Ranged Weapons
  1367 | D:2      | 1367 ||| FLEEEEING.
  1565 | D:2      | 1565 ||| UPGRADING to +0 pair of boots.
  1570 | D:2      | 1570 ||| UPGRADING to +0 ring mail.
  1580 | D:2      | 1580 ||| DROPPING +0 leather armour.
  1581 | D:2      | 1581 ||| READING scroll of identify.
  1581 | D:2      | 1581 ||| IDENTIFYING inky potion
  1582 | D:2      | 1582 ||| READING scroll labelled EHEHIM NOARETZ.
  1582 | D:2      | 1582 ||| ENCHANTING +0 shortbow.
  1583 | D:2      | 1583 ||| DRINKING 2 sapphire potions.
  1657 | D:3      | Found a basalt altar of Yredelemnul.
  1675 | D:3      | 1675 ||| READING scroll labelled CIUNEQ ODERR.
  1684 | D:3      | Reached XP level 4. HP: 21/25 MP: 6/6
  1687 | D:3      | HP: 5/25 [burnt (5)]
  1688 | D:3      | HP: 1/25 [burnt (4)]
  1689 | D:3      | Incinerated by a bombardier beetle

Levels and vault maps discovered:
D:1:      dpeg_arrival_arbitrary_b, layout_basic, grunt_decor_arrowhead
D:2:      layout_loops_ring
D:3:      layout_loops_cross, mainiacjoe_overflow_chevrons,
          nemelex_spade_bored_becter, gammafunk_ghost_stat_death, uniq_sigmund

Skill      XL: |  1  2  3 |
---------------+----------+-----
Ranged Weapons | 6 7 |  7.9
Fighting       | |  1.5
Dodging        | |  2.4
Stealth        | |  1.2

Action                     |  1- 3 |  4- 6 || total
---------------------------+-------+-------++-------
   Fire: Shortbow          |   122 |       ||   122
    Use: Scroll            |     7 |       ||     7
         Potion            |     1 |       ||     1
 Armour: Leather armour    |    16 |       ||    16
         Ring mail         |     1 |       ||     1
  Dodge: Dodged            |    17 |       ||    17

Table legend:
 A = Non-vault XP
 B = Vault XP
 C = Vault XP percentage of total XP
 D = Non-vault monster count
 E = Vault monster count
 F = Vault count percentage of total count
                 A         B        C        D         E       F
            +---------+---------+-------+---------+---------+-------
      Total |     143 |       0 |   0.0 |      43 |       0 |   0.0
            +---------+---------+-------+---------+---------+-------
        D:1 |      33 |       0 |   0.0 |      18 |       0 |   0.0
        D:2 |      57 |       0 |   0.0 |      22 |       0 |   0.0
        D:3 |      53 |       0 |   0.0 |       3 |       0 |   0.0
            +---------+---------+-------+---------+---------+-------
